cohdb
Replays
Latest Replays
All Replays
Popular Replays
Top Player Replays
Match Explorer
How It Works
Community
CoH3 Stats
Reddit
Sign in to upload your games and track your stats! →
Sign in with Steam
Match 42515909
Unlisted
Match 42515909
Overview
Messages
Build Orders
End
Kettenkrad Recon Vehicle
Construct Infanterie Kompanie
Grenadier Squad
Selects Breakthrough Battlegroup
Selects Breakthrough Battlegroup
Selects Assault Grenadiers
Grenadier Squad
Grenadier Squad
Selects Rapid Production
MG 42 Machine Gun Team
Infanterie Officer Quarters
Construct Panzergrenadier Kompanie
Support Elements
Pak 40 Anti-tank Gun Team
Nebelwerfer 42 Rocket Launcher Team
StuG III G Assault Gun
Side Skirts
Selects Blitzkrieg
Selects Panzer IV Command Tank Sd.Kfz. 161/1
Nebelwerfer 42 Rocket Launcher Team
Panzer IV Command Tank
ManOfWar
Mustache and Melons
Artistóteles
PanzerANUs
0
0
Comments
sign in to comment!
No comments posted yet!